 Dungeon Crawl Stone Soup version 0.25-a0-474-ga8a2ee3166 (webtiles) character file.

Game seed: 7519626427078500170, levelgen mode: deterministic

331 kae the Cleaver (level 6, -2/51 HPs)
             Began as a Hill Orc Fighter on Feb 7, 2020.
             Slain by an iguana (5 damage)
             ... on level 5 of the Dungeon.
             The game lasted 00:01:52 (3014 turns).

kae the Cleaver (Hill Orc Fighter)                  Turns: 3014, Time: 00:01:53

Health: -2/51      AC: 10    Str: 21    XL:     6   Next: 52%
Magic:  6/6        EV:  7    Int:  8    God:
Gold:   259        SH:  9    Dex: 10    Spells: 5/5 levels left

rFire    . . .     SeeInvis .   a - +0 war axe
rCold    . . .     Gourm    .   c - +0 shield
rNeg     . . .     Faith    .   b - +0 scale mail
rPois    .         Spirit   .   (no helmet)
rElec    .         Reflect  .   m - +2 cloak
rCorr    .         Harm     .   (no gloves)
MR       .....                  (no boots)
Stlth    ..........             (no amulet)
HPRegen  0.17/turn              (no ring)
MPRegen  0.10/turn              (no ring)

@: slowed, very slow
A: no striking features
a: no special abilities


You were on level 5 of the Dungeon.
You were not hungry.

You visited 1 branch of the dungeon, and saw 5 of its levels.

You collected 259 gold pieces.

Inventory:

Hand Weapons
 a - a +0 war axe (weapon)
Armour
 b - a +0 scale mail (worn)
 c - a +0 shield (worn)
 m - a +2 cloak (worn)
Scrolls
 e - 3 scrolls of remove curse
 g - a scroll of fog {unknown}
 h - 9 scrolls of identify {unknown}
 i - 2 scrolls of teleportation {unknown}
 j - 2 scrolls of amnesia {unknown}
 l - 3 scrolls of random uselessness {unknown}
Potions
 d - 2 potions of might
 k - a potion of degeneration {unknown}
 n - a potion of brilliance {unknown}
 o - a potion of magic {unknown}
Comestibles
 f - 7 rations


   Skills:
 - Level 3.6 Fighting
 + Level 8.9 Axes
 - Level 3.2 Armour
 - Level 3.2 Shields


You had 5 spell levels left.
You didn't know any spells.
Your spell library was empty.

Dungeon Overview and Level Annotations

Branches:
Dungeon (5/15)
 Temple: D:4-7

Altars:
Kikubaaqudgha
Yredelemnul


Message History

The phantom blinks!
The iguana closely misses you.
The iguana bites you but does no damage.
You hit the iguana but do no damage.
The iguana is severely wounded.
You block the iguana's attack. The iguana bites you.
You closely miss the iguana.
The iguana is severely wounded.
The iguana bites you.
Your scale mail prevents you from hitting the iguana.
The iguana is severely wounded.
The iguana bites you.
The phantom blinks!
A sky beast appears from thin air!
Reactivating autopickup.
The iguana bites you!
* * * LOW HITPOINT WARNING * * *
You closely miss the iguana.
The iguana is severely wounded.
The iguana bites you!
* * * LOW HITPOINT WARNING * * *
The iguana bites you.
You die...

#### #.. #.#
#@# #l# #o# #Y#
#ยง#
#.....W........
#..............
#..............
#..............


You could see a phantom, a sky beast, an iguana and an orc.

Vanquished Creatures
  A crimson imp (D:5)
  5 orc wizards
  An orc priest (D:3)
  4 adders
  An adder skeleton (D:4)
  A worm (D:3)
  6 leopard geckos
  12 orcs
  A ball python (D:1)
  4 giant cockroaches
  5 goblins
  11 hobgoblins
  3 jackals (D:2)
  10 kobolds
  A quokka (D:3)
  4 bats
  4 frilled lizards
  5 rats
79 creatures vanquished.

Notes
Turn   | Place    | Note
-------+----------+-------------------------------------------
     0 | D:1      | kae the Hill Orc Fighter began the quest for the Orb.
     0 | D:1      | Reached XP level 1. HP: 19/19 MP: 1/1
    28 | D:1      | Reached skill level 3 in Axes
    79 | D:1      | Reached XP level 2. HP: 19/26 MP: 2/2
   149 | D:1      | Reached skill level 4 in Axes
   665 | D:2      | Reached XP level 3. HP: 22/31 MP: 3/3
   745 | D:2      | Reached skill level 5 in Axes
  1093 | D:2      | Reached XP level 4. HP: 35/39 MP: 4/4
  1787 | D:3      | Reached skill level 6 in Axes
  1882 | D:3      | Reached XP level 5. HP: 37/45 MP: 5/5
  1970 | D:3      | Found an ancient bone altar of Kikubaaqudgha.
  2149 | D:3      | Reached skill level 7 in Axes
  2220 | D:3      | Reached skill level 8 in Axes
  2223 | D:3      | Reached XP level 6. HP: 49/51 MP: 6/6
  2808 | D:4      | Found a basalt altar of Yredelemnul.
  2988 | D:5      | Entered Level 5 of the Dungeon
  2990 | D:5      | Noticed a sky beast
  2990 | D:5      | Noticed a phantom
  3014 | D:5      | Slain by an iguana

Levels and vault maps discovered:
D:1:      doesnt_arrival_eight_statues, layout_basic, serial_forest,
          infiniplex_forest_clump_medium, infiniplex_forest_lined_room_3,
          infiniplex_forest_clump_small, infiniplex_forest_lined_ring,
          infiniplex_forest_straight_4, infiniplex_forest_corner_1,
          minmay_split_cup_large
D:2:      layout_rooms, first_ration
D:3:      layout_loops_corners, overflow_temple_1_default
D:4:      layout_basic, lemuel_round_altar, minivault_11
D:5:      layout_basic, kennysheep_mini_moat, portal_sewer_entry_f, uniq_edmund,
          uniq_ijyb, uniq_eustachio, uniq_grinder, uniq_prince_ribbit1

Skill      XL: |  1  2  3  4  5 |
---------------+----------------+-----
Axes           | 3 4 5 6 8 |  8.9
Fighting       | |  3.6
Armour         | |  3.2
Shields        | |  3.2

Action                   |  1- 3 |  4- 6 || total
-------------------------+-------+-------++-------
Melee: War axe           |    88 |   154 ||   242
  Use: Potion            |       |     3 ||     3
       Scroll            |       |     2 ||     2
  Eat: Chunk             |     1 |     6 ||     7
Armor: Scale mail        |    40 |    78 ||   118
Dodge: Dodged            |    29 |    44 ||    73
Block: Shield            |    56 |    67 ||   123

Table legend:
 A = Non-vault XP
 B = Vault XP
 C = Vault XP percentage of total XP
 D = Non-vault monster count
 E = Vault monster count
 F = Vault count percentage of total count
                 A         B        C        D         E       F
            +---------+---------+-------+---------+---------+-------
      Total |     467 |       7 |   1.5 |      75 |       4 |   5.1
            +---------+---------+-------+---------+---------+-------
        D:1 |      20 |       7 |  25.9 |      10 |       4 |  28.6
        D:2 |      71 |       0 |   0.0 |      27 |       0 |   0.0
        D:3 |     262 |       0 |   0.0 |      30 |       0 |   0.0
        D:4 |      18 |       0 |   0.0 |       2 |       0 |   0.0
        D:5 |      96 |       0 |   0.0 |       6 |       0 |   0.0
            +---------+---------+-------+---------+---------+-------
